 Dungeon Crawl Stone Soup version 0.26-a0-201-gb271ac0 (webtiles) character file.

Game seed: 7944820037553549741

468 Illumine the Chiller (level 7, -6/41 HPs)
             Began as a Gargoyle Ice Elementalist on July 3, 2020.
             Splashed by Pikel's acid (13 damage)
             ... on level 5 of the Dungeon on July 5, 2020.
             The game lasted 00:09:48 (5419 turns).

Illumine the Chiller (Gargoyle Ice Elementalist)    Turns: 5419, Time: 00:09:49

Health: -6/41      AC:  4    Str: 11    XL:     7   Next: 8%
Magic:  6/12       EV: 13    Int: 18    God:
Gold:   255        SH:  5    Dex: 10    Spells: 5/13 levels left

rFire    . . .     SeeInvis .   G - +1 whip (venom)
rCold    . . .     Faith    .   (no shield)
rNeg     + . .     Spirit   .   a - +0 robe
rPois    ∞         Reflect  +   E - +0 helmet
rElec    +         Harm     .   (no cloak)
rCorr    .                      (no gloves)
MR       .....                  z - +0 pair of boots
Stlth    ++........             w - amulet of reflection
HPRegen  0.13/turn              s - +4 ring of protection
MPRegen  0.13/turn              o - ring of wizardry

@: corroded, frozen ramparts
A: negative energy resistance 1, electricity resistance, unbreathing,
petrification resistance, rot immunity, AC +4
a: no special abilities


You were on level 5 of the Dungeon.
You were hungry.

You visited 1 branch of the dungeon, and saw 5 of its levels.

You collected 255 gold pieces.

Inventory:

Hand Weapons
 i - a +0 club
 j - a +1 flail
 C - a +0 hunting sling
 G - a +1 whip of venom (weapon)
Missiles
 D - 117 stones (quivered)
Armour
 a - a +0 robe (worn)
 e - a +1 leather armour of poison resistance
 x - a +0 chain mail of fire resistance
 z - a +0 pair of boots (worn)
 E - a +0 helmet (worn)
Jewellery
 k - an uncursed ring of stealth
 o - a ring of wizardry (right hand)
 s - a +4 ring of protection (left hand)
 w - an amulet of reflection (around neck)
 I - an uncursed ring of see invisible
Wands
 q - a wand of flame (20)
 A - a wand of clouds (4)
 B - a wand of disintegration (11)
Scrolls
 d - 2 scrolls of fog
 f - a scroll of fear
 h - 2 scrolls of teleportation
 l - a scroll of blinking
 n - a scroll of amnesia {unknown}
 r - a scroll of enchant weapon
 v - a scroll of noise {unknown}
 y - a scroll of random uselessness {unknown}
 H - a scroll of enchant armour
 J - a scroll of identify
Potions
 b - 8 potions of curing
 g - 4 potions of resistance
 m - 2 potions of lignification
 p - a potion of invisibility
 t - a potion of stabbing
 u - a potion of mutation
Comestibles
 c - 13 rations
 F - 4 chunks of flesh


   Skills:
 + Level 3.3 Fighting
 + Level 0.5 Armour
 - Level 3.1 Dodging
 - Level 2.2 Stealth
 + Level 3.6 Spellcasting
 + Level 1.7 Conjurations
 + Level 5.3 Ice Magic


You had 5 spell levels left.
You knew the following spells:

 Your Spells              Type           Power        Failure   Level  Hunger
a - Freeze                Ice            ###.         1%          1    None
b - Frozen Ramparts       Ice            ###...       1%          3    ###....
c - Hailstorm             Conj/Ice       ###.....     14%         4    ####...

Your spell library contained the following spells:

 Spells                   Type           Power        Failure   Level  Hunger
 Magic Dart               Conj           #...         3%          1    None
 Searing Ray              Conj           #.....       4%          2    ##.....
 Ozocubu's Armour         Chrm/Ice       ##......     6%          3    ###....
 Dazzling Flash           Conj/Hex       #.....       13%         3    ###....
 Summon Ice Beast         Ice/Summ       ##......     21%         4    ####...
 Fulminant Prism          Conj/Hex       #.........   38%         4    ####...
 Iskenderun's Mystic Bla  Conj/Tloc      #.......     38%         4    ####...


Dungeon Overview and Level Annotations

Branches:
Dungeon (5/15)
 Temple: D:4-7

Altars:
Hepliaklqana
Makhleb
Okawaru
Ru
Sif Muna
Uskayaw
Zin

Annotations:
D:5 Pikel; Tenaya's ghost, novice CeAM


Innate Abilities, Weirdness & Mutations

You are resistant to torment.
Your stone body is resilient. (AC +4)
You are immune to poison.
You resist negative energy. (rN+)
You are resistant to electric shocks. (rElec)
You can survive without breathing.
You are immune to petrification.
You are immune to rotting.


Message History

There is an open door here.
You start resting.
HP restored.
You start resting.
Pikel the Slaver comes into view.
He is wielding a +1 whip of flaming and carrying a wand of acid (10).
The frozen ramparts melt away.
Casting: Frozen Ramparts (safe; 1% risk of failure)
Confirm with . or Enter, or press ? or * to list all spells.
The walls around you are covered in ice.
Pikel shouts!
You are feeling hungry.
The wall freezes Pikel.
Pikel waves his whip at you.
Pikel zaps a wand.
The bolt of acid hits you. The acid corrodes you!
You are splashed with acid!!
You barely miss Pikel.
Pikel is lightly wounded.
The wall freezes Pikel.
Pikel zaps a wand.
The bolt of acid hits you!
* * * LOW HITPOINT WARNING * * *
The acid corrodes you!
You are splashed with acid!
You die...

##.## # #.# # #.# # #
##'## .# # ##...##
####.## # ##.....##
#.....# ###.......##
#..#..#
##.........####.....#
.+.........'....@...#
##.........####..K..#
###.......## #..##.#
# ##.....## #.## # #
##...## #.# # ##'##
#.. #.# #.# ######.#
#.# ....##.#######


You could see Pikel.

Vanquished Creatures
  4 lemures (D:5)
  A scorpion (D:4)
  A bullfrog skeleton (D:5)
  2 orc wizards
  An iguana (D:4)
  Natasha (thrice) (D:2)
  A worker ant (D:4)
  A worker ant zombie (D:5)
  6 adders
  A gnoll (D:1)
  A worm (D:2)
  A dart slug (D:3)
  4 leopard geckos
  17 orcs
  4 bats
  A giant cockroach (D:1)
  7 goblins
  6 hobgoblins
  12 jackals
  6 quokkas
  A ball python (D:1)
  4 frilled lizards
  9 kobolds
  A leopard gecko skeleton (D:4)
  A quokka zombie (D:5)
  22 rats
118 creatures vanquished.

Notes
Turn   | Place    | Note
-------+----------+-------------------------------------------
     0 | D:1      | Illumine the Gargoyle Ice Elementalist began the quest for
                  | the Orb.
     0 | D:1      | Reached XP level 1. HP: 10/10 MP: 3/3
   165 | D:1      | Reached XP level 2. HP: 16/16 MP: 0/5
   555 | D:1      | Reached skill level 1 in Fighting
   809 | D:1      | Reached XP level 3. HP: 20/20 MP: 2/6
  1157 | D:2      | Learned a level 3 spell: Frozen Ramparts
  1175 | D:2      | Noticed Natasha
  1226 | D:2      | Killed Natasha
  1234 | D:2      | Upgraded the game from 0.26-a0-164-gda07880 to
                  | 0.26-a0-191-g4694d0f
  1365 | D:2      | Reached XP level 4. HP: 25/26 MP: 3/7
  1453 | D:2      | Noticed Natasha
  1461 | D:2      | Killed Natasha
  1518 | D:2      | Noticed Natasha
  1546 | D:2      | Killed Natasha
  1546 | D:2      | Reached XP level 5. HP: 14/30 MP: 5/9
  1862 | D:2      | Found a hazy altar of Hepliaklqana.
  2179 | D:3      | Found an iron altar of Okawaru.
  2612 | D:3      | Reached skill level 5 in Ice Magic
  2748 | D:3      | Noticed an angel
  2749 | D:3      | Found a glowing silver altar of Zin.
  2794 | D:3      | Upgraded the game from 0.26-a0-191-g4694d0f to
                  | 0.26-a0-201-gb271ac0
  3090 | D:3      | Found a shimmering blue altar of Sif Muna.
  3117 | D:3      | Reached XP level 6. HP: 36/36 MP: 8/10
  3225 | D:3      | Learned a level 4 spell: Hailstorm
  4126 | D:4      | Reached skill level 1 in Conjurations
  4334 | D:4      | Found a sacrificial altar of Ru.
  4603 | D:4      | Found a hide-covered altar of Uskayaw.
  4603 | D:4      | Found a burning altar of Makhleb.
  4684 | D:5      | Entered Level 5 of the Dungeon
  4840 | D:5      | Noticed Tenaya's ghost (novice CeAM)
  5260 | D:5      | Reached XP level 7. HP: 41/41 MP: 9/12
  5412 | D:5      | Noticed Pikel
  5419 | D:5      | Splashed by Pikel's acid

Illustrated notes

Levels and vault maps discovered:
D:1:      minmay_arrival_four_circles, layout_basic
D:2:      layout_rooms, overflow_temple_1_default, uniq_natasha
D:3:      layout_basic, lemuel_doored_altar, zin_angel, old_standard_altar,
          first_ration
D:4:      layout_rooms, nicolae_ru_awakened_eye,
          gammafunk_temple_overflow_pools, minmay_rat_hole
D:5:      layout_loops_corners, gammafunk_ghost_arena, uniq_pikel

Skill      XL: |  1  2  3  4  5  6 |
---------------+-------------------+-----
Fighting       | 1 2 3 |  3.3
Dodging        | 2 3 |  3.1
Spellcasting   | 3 |  3.6
Ice Magic      | 5 |  5.3
Conjurations   | 1 |  1.7
Armour         | |  0.5
Stealth        | |  2.2

Action                   |  1- 3 |  4- 6 |  7- 9 || total
-------------------------+-------+-------+-------++-------
Melee: Unarmed           |     1 |       |       ||     1
       Flail             |    16 |   136 |       ||   152
       Whip              |       |    15 |    25 ||    40
Throw: Stone             |       |     2 |       ||     2
 Cast: Freeze            |    35 |    87 |       ||   122
       Frozen Ramparts   |       |     4 |     3 ||     7
  Use: Scroll            |       |    13 |       ||    13
 Stab: Sleeping          |     1 |     3 |       ||     4
  Eat: Chunk             |     2 |    13 |       ||    15
Armor: Robe              |    22 |   110 |     5 ||   137
Dodge: Dodged            |    34 |   180 |    12 ||   226
Block: Other             |       |    54 |     6 ||    60

Table legend:
 A = Non-vault XP
 B = Vault XP
 C = Vault XP percentage of total XP
 D = Non-vault monster count
 E = Vault monster count
 F = Vault count percentage of total count
                 A         B        C        D         E       F
            +---------+---------+-------+---------+---------+-------
      Total |     614 |      55 |   8.2 |      94 |      20 |  17.5
            +---------+---------+-------+---------+---------+-------
        D:1 |      39 |       0 |   0.0 |      15 |       0 |   0.0
        D:2 |     137 |      35 |  20.3 |      19 |       1 |   5.0
        D:3 |     115 |       0 |   0.0 |      26 |       0 |   0.0
        D:4 |     179 |      20 |  10.1 |      14 |      19 |  57.6
        D:5 |     144 |       0 |   0.0 |      20 |       0 |   0.0
            +---------+---------+-------+---------+---------+-------
